 Dungeon Crawl Stone Soup version 0.29-a0-1027-gcd8c55af63 (webtiles) character file.

Game seed: 2657988352801669778

31273 Zeldest the Convoker (level 14, -2/122 HPs)
             Began as a Meteoran Summoner on Aug 14, 2022.
             Was a High Priest of Makhleb.
             Slain by Erica
             ... wielding a +4 scimitar of flaming
              (10 damage)
             ... on level 1 of the Orcish Mines.
             The game lasted 01:08:30 (7368 turns).

Zeldest the Convoker (Meteoran Summoner)            Turns: 7368, Time: 01:08:30

Health: -2/122     AC: 12    Str: 10    XL:     14   Next: 27%
Magic:  29/35      EV: 15    Int: 30    God:    Makhleb [*****.]
Gold:   163        SH:  0    Dex: 14    Spells: 15/28 levels left

rFire   . . .      SeeInvis .   a - +5 scythe "Finisher" {speed, eviscerate}
rCold   . . .      Faith    .   (shield currently unavailable)
rNeg    . . .      Spirit   .   B - +0 troll leather armour
rPois   .          Reflect  .   M - +0 helmet
rElec   .          Harm     .   D - +0 cloak of Going Fast {Will+ rCorr Int+4}
rCorr   +          Rampage  .   w - +0 pair of gloves
Will    ++...                   u - +0 pair of boots
Stlth   +.........              e - amulet of magic regeneration
HPRegen 1.10/turn               I - +4 ring of protection
MPRegen 0.64/turn               s - ring "Nelopez" {MP+9 Int+3}

@: glowing
A: sense surroundings 2, otherworldly, glowing, explore regen
a: Renounce Religion, Minor Destruction, Lesser Servant of Makhleb, Major
Destruction, Greater Servant of Makhleb


You were on level 1 of the Orcish Mines.
You worshipped Makhleb.
Makhleb was extremely pleased with you.
You visited 3 branches of the dungeon, and saw 15 of its levels.
You also visited: Ice Cave.

You collected 575 gold pieces.
You spent 412 gold pieces at shops.

Inventory:

Hand Weapons
 a - the +5 scythe "Finisher" (weapon) {speed, eviscerate}
   (You found it on level 7 of the Dungeon)

   Attacks with this weapon are significantly faster.
   It may eviscerate those it strikes, slaying them instantly, with a decreasing
   chance against stronger foes.
Armour
 c - a +0 cloak of cold resistance
 u - a +0 pair of boots (worn)
 w - a +0 pair of gloves (worn)
 B - a +0 troll leather armour (worn)
 D - the +0 cloak of Going Fast (worn) {Will+ rCorr Int+4}
   (You bought it in a shop on level 9 of the Dungeon)

   Int:       It affects your intelligence (+4).
   rCorr:     It protects you from acid and corrosion.
   Will:      It increases your willpower.
 G - a scarf of repulsion
 K - a +1 robe of the Archmagi
 M - a +0 helmet (worn)
Jewellery
 e - an amulet of magic regeneration (around neck)
 s - the ring "Nelopez" (right hand) {MP+9 Int+3}
   (You found it on level 3 of the Dungeon)

   [ring of magical power]

   Int:       It affects your intelligence (+3).
   MP:        It affects your magic capacity (+9).
 H - a +4 ring of evasion
 I - a +4 ring of protection (left hand)
 N - a ring of protection from cold
Wands
 z - a wand of roots (10)
 A - a wand of mindburst (5)
 F - a wand of acid (2)
 O - a wand of polymorph (5)
Scrolls
 g - 3 scrolls of enchant weapon {unknown}
 i - a scroll of immolation {unknown}
 k - a scroll of fog {unknown}
 l - 3 scrolls of teleportation
 m - a scroll of magic mapping {unknown}
 n - 3 scrolls of noise
 q - 2 scrolls of vulnerability {unknown}
 v - a scroll of poison {unknown}
 x - 2 scrolls of enchant armour {unknown}
 y - 2 scrolls of fear {unknown}
 C - a scroll of acquirement {unknown}
 E - a scroll of blinking {unknown}
 J - a scroll of summoning {unknown}
 L - a scroll of brand weapon {unknown}
Potions
 b - a potion of magic
 d - a potion of berserk rage
 f - 2 potions of brilliance
 h - 3 potions of attraction
 j - 5 potions of lignification
 o - a potion of curing
 p - 3 potions of resistance
 r - 4 potions of haste
 t - a potion of might


   Skills:
 + Level 10.5 Fighting
 * Level 12.1 Polearms
 + Level 8.2 Dodging
 - Level 1.4 Stealth
 - Level 7.6 Spellcasting
 * Level 16.4 Summonings
 + Level 11.2 Invocations


You had 15 spell levels left.
You knew the following spells:

 Your Spells              Type           Power      Damage    Failure   Level
a - Summon Small Mammal   Summ           100%       N/A       0%          1
b - Call Imp              Summ           83%        N/A       0%          2
c - Call Canine Familiar  Summ           83%        N/A       1%          3
d - Summon Guardian Gole  Hex/Summ       57%        N/A       1%          3
e - Summon Lightning Spi  Summ/Air       57%        N/A       1%          4

Your spell library contained the following spells:

 Spells                   Type           Power      Damage    Failure   Level
 Beastly Appendage        Tmut           22%        N/A       6%          1
 Static Discharge         Conj/Air       11%        3-5/arc   9%          2
 Wereblood                Tmut           11%        N/A       9%          2
 Spider Form              Tmut/Pois      11%        N/A       19%         3
 Tukima's Dance           Hex            11%        N/A       19%         3
 Corpse Rot               Necr/Pois/Air  11%        N/A       52%         4
 Dispel Undead            Necr           11%        3d9       52%         4
 Passage of Golubria      Tloc           11%        N/A       52%         4
 Fireball                 Conj/Fire      5%         3d5       86%         5
 Lightning Bolt           Conj/Air       5%         1d17      86%         5
 Yara's Violent Unravell  Hex/Tmut       5%         3d4       86%         5
 Death Channel            Necr           5%         N/A       100%        6
 Starburst                Conj/Fire      5%         6d4       100%        6
 Ignition                 Fire           5%         3d4       100%        8
 Maxwell's Capacitive Co  Air            5%         ∞         100%        8


Dungeon Overview and Level Annotations

Branches:
Dungeon (13/15) Zot: 1119  Temple (1/1) D:5 Zot: 356     Orc (1/2) D:9 Zot: 584
  IceCv (visited)
   Lair: D:8-11      Vaults: D:13-14

Altars:
Ashenzari
Cheibriados
Dithmenos
Elyvilon
Fedhas
Gozag
Hepliaklqana
Kikubaaqudgha
Makhleb
Nemelex Xobeh
Okawaru
Qazlal
Ru
Sif Muna
Trog
Uskayaw
Vehumet
Wu Jian
Xom
Yredelemnul
Zin
The Shining One
Jiyva

Shops:
D:5 :   D:8 !   D:9 [([?!   D:10 :

Annotations:
D:6 2 transporters, 1 runed translucent door, quixfox's ghost, novice DsCj
D:8 2 transporters, SirDiesAlot's ghost, novice DsVM
Orc:1 Erica


Innate Abilities, Weirdness & Mutations

You passively map the area around you.
You are easily found by Zot.
You glow in the dark.
You regain HP and MP as you explore.


Message History

Your lightning spire shoots out a bolt of lightning at the warg!
The bolt of electricity misses the warg.
The orc priest hits you with a +0 whip.
* * * LOW HITPOINT WARNING * * *
You hear some strange, mumbled words.
A bolt of poison appears from out of thin air!
The bolt of poison hits you!!
You are poisoned.
* * * LOW HITPOINT WARNING * * *
The bolt of poison hits the orc priest!
The orc priest is poisoned.
The orc priest dies!
A boomerang appears from out of your range of vision.
The boomerang hits your lightning spire.
Flame seeps out of your guardian golem.
The orc knight roars a battlecry!
The orcs go into a battle-frenzy!
The warg bites your lightning spire but does no damage.
The warg barely misses you. The warg bites your lightning spire!
Flame seeps out of your guardian golem.
Your warg bites something but does no damage.
You feel better. The warg bites your lightning spire.
Flame seeps out of your guardian golem.
The warg barely misses your lightning spire.
The warg barely misses you. Something hits you!
* * * LOW HITPOINT WARNING * * *
Something burns you.
* * * LOW HITPOINT WARNING * * *
Your crimson imp blinks!
A cyclops comes into view.
Your guardian golem is engulfed in blazing flames.
Flame seeps out of your guardian golem.
Your lightning spire shoots out a bolt of lightning at the warg!
The bolt of electricity misses the warg.
Your warg bites the warg.
You feel better.
The cyclops shouts!
The warg bites your lightning spire but does no damage. x2
The warg bites you but does no damage.
Your warg bites the warg!
Something hits you!
You die...

, ,,, , , , * * *
............... ,,
,..#..#.>...#...
,* ........#......
, , **
............... ,
,* ...............
,, * ,
....$.......... *
,*,,
.o..o.{h....... ,
,
$...h8h@.......,,
, $...h9)o)......
, , , ,
.....).)......#
*....))..##.#.##,,
, , ......... #.##
, , ,* , .........
..#* , , ,
,........., .# , ,
, ,, ....#..... C
, , , ,, , , * , ,


You could see an orc knight, a cyclops, 3 wargs, an orc warrior (strong), an orc
priest (strong), a friendly guardian golem (summoned, inner flame), a friendly
warg (summoned, sheltered) and a friendly lightning spire (summoned, sheltered).

Vanquished Creatures
  Erolcha (D:10)
  An ogre mage (D:11)
  A two-headed ogre (D:9)
  A freezing wraith (IceCv)
  2 ice statues (IceCv)
  2 ice devils
  Prince Ribbit (D:9)
  A shadow (D:11)
  A wraith (D:11)
  A yak (D:9)
  2 steam dragons
  A death yak simulacrum (IceCv)
  An acid dragon (D:11)
  4 orc warriors
  A sky beast (D:7)
  A wolf (D:8)
  3 centaurs
  2 gnoll sergeants
  2 kobold brigands (D:11)
  A scorpion (D:6)
  2 bullfrogs
  A cane toad simulacrum (IceCv)
  4 wights
  8 killer bees
  2 howler monkeys
  3 jellies (D:8)
  3 orc priests (D:9)
  A hound (D:6)
  3 orc wizards
  A polar bear simulacrum (IceCv)
  A troll simulacrum (IceCv)
  A wolf simulacrum (IceCv)
  2 gnolls (D:10)
  3 adders (D:3)
  A naga simulacrum (IceCv)
  An ufetubus (IceCv)
  A dart slug (D:4)
  13 orcs
  A goblin (D:4)
  A hobgoblin (D:2)
  2 kobolds
  A ball python (D:3)
  A bat (D:3)
  A rat (D:3)
88 creatures vanquished.

Vanquished Creatures (collateral kills)
  A reaper (IceCv)
  Josephine (D:10)
  A boulder beetle (D:11)
  3 hydras
  An ogre mage (D:12)
  A catoblepas (D:10)
  3 two-headed ogres
  A tengu warrior (D:10)
  Urug (D:10)
  A skeletal warrior (D:7)
  Pikel (D:7)
  An ugly thing (D:11)
  A manticore (D:11)
  An orange demon (D:10)
  A kobold demonologist (D:11)
  2 ice devils (IceCv)
  2 trolls
  Sigmund (D:2)
  A vampire (D:11)
  12 yaks
  5 wraiths
  2 wyverns
  Grum (D:8)
  2 death yak simulacra (IceCv)
  A water moccasin (D:7)
  2 orc warriors
  A swamp drake (D:9)
  2 centaurs
  A wolf (D:8)
  3 ogres
  A phantom (D:4)
  8 kobold brigands (D:11)
  3 bullfrogs
  A gnoll sergeant (D:9)
  A two-headed ogre simulacrum (IceCv)
  7 wights
  8 killer bees
  6 jellies
  2 hounds (D:5)
  An orc priest (D:7)
  3 iguanas
  11 orc wizards
  A troll simulacrum (IceCv)
  A spriggan simulacrum (IceCv)
  11 gnolls
  4 adders
  A shadow imp (D:6)
  3 white imps
  A dart slug (D:3)
  21 orcs
  8 ball pythons
  4 endoplasms
  4 giant cockroaches
  11 goblins
  6 hobgoblins
  11 kobolds
  2 quokkas (D:2)
  A bat (D:3)
  4 frilled lizards
  5 rats (D:1)
208 creatures vanquished.

Vanquished Creatures (others)
  2 hydras
  A two-headed ogre (D:12)
  Amaemon (D:10)
  A manticore (D:10)
  An ugly thing (D:10)
  A cyclops (D:11)
  4 ice devils
  A meliai (D:10)
  2 trolls (D:11)
  3 yaks (D:7)
  3 wraiths
  A wyvern (D:9)
  A death yak simulacrum (IceCv)
  An orc warrior (D:9)
  A lemure (D:7)
  2 kobold brigands
  A bullfrog (D:9)
  A gnoll sergeant (D:9)
  2 wights
  2 two-headed ogre simulacra (IceCv)
  2 killer bees (D:9)
  An orc priest (Orc:1)
  2 troll simulacra (IceCv)
  A polar bear simulacrum (IceCv)
  2 naga simulacra (IceCv)
  An ufetubus (IceCv)
  A kobold (D:11)
42 creatures vanquished.

Grand Total: 338 creatures vanquished

Notes
Turn   | Place    | Note
-------+----------+-------------------------------------------
     0 | D:1      | Zeldest the Meteoran Summoner began the quest for the Orb.
     0 | D:1      | Reached XP level 1. HP: 14/14 MP: 5/5
    63 | D:1      | Reached skill level 1 in Fighting
    63 | D:1      | Reached skill level 5 in Summonings
    63 | D:1      | Reached XP level 2. HP: 23/23 MP: 3/6
    69 | D:1      | Learned a level 2 spell: Call Imp
    91 | D:1      | Reached XP level 3. HP: 27/28 MP: 4/8
   279 | D:1      | Learned a level 3 spell: Call Canine Familiar
   280 | D:2      | Found a faded altar of an unknown god.
   286 | D:2      | Noticed Sigmund
   295 | D:2      | Killed Sigmund
   296 | D:2      | Reached skill level 6 in Summonings
   296 | D:2      | Reached XP level 4. HP: 26/38 MP: 7/10
   296 | D:2      | Reached XP level 5. HP: 31/45 MP: 7/11
   296 | D:2      | Reached XP level 6. HP: 36/51 MP: 7/12
   542 | D:3      | You fall into a shaft and drop 3 floors!
   567 | D:6      | Reached skill level 7 in Summonings
   581 | D:6      | Reached XP level 7. HP: 43/57 MP: 14/14
   619 | D:6      | Found a transporter.
   634 | D:5      | Entered Level 5 of the Dungeon
   736 | D:4      | Found a blossoming altar of Fedhas.
   759 | D:4      | Found a sparkling altar of Nemelex Xobeh.
  1028 | D:4      | Reached skill level 8 in Summonings
  1092 | D:3      | Identified the ring "Nelopez" {MP+9 Int+3}
  1293 | D:4      | Reached XP level 8. HP: 59/67 MP: 16/16
  1341 | D:4      | Reached skill level 5 in Spellcasting
  1448 | D:5      | Found a staircase to the Ecumenical Temple.
  1458 | Temple   | Entered the Ecumenical Temple
  1645 | Temple   | Became a worshipper of Makhleb the Destroyer
  1730 | D:5      | Reached skill level 1 in Invocations
  1733 | D:5      | Learned a level 3 spell: Summon Guardian Golem
  1881 | D:5      | Found Gimour's Self-Improvement Boutique.
  1944 | D:6      | Reached skill level 9 in Summonings
  1963 | D:6      | Found a runed translucent door.
  1963 | D:6      | Noticed quixfox's ghost (novice DsCj)
  1972 | D:6      | Reached skill level 5 in Fighting
  1982 | D:6      | Found a transporter.
  1987 | D:6      | Noticed a kobold demonologist
  2064 | D:6      | Gained mutation: You passively map the area around you.
                  | [Meteoran growth]
  2064 | D:6      | Reached XP level 9. HP: 73/74 MP: 18/18
  2143 | D:7      | Noticed Pikel
  2184 | D:7      | Reached skill level 10 in Summonings
  2198 | D:7      | Killed Pikel
  2211 | D:7      | Reached * piety under Makhleb
  2212 | D:7      | Reached skill level 5 in Invocations
  2226 | D:7      | Reached XP level 10. HP: 84/84 MP: 21/21
  2235 | D:7      | Reached skill level 11 in Summonings
  2267 | D:7      | Noticed a skeletal warrior
  2267 | D:7      | Found the +5 scythe "Finisher" {speed, eviscerate}
  2399 | D:7      | Learned a level 4 spell: Summon Lightning Spire
  2476 | D:7      | Killed a skeletal warrior
  2586 | D:7      | Reached skill level 12 in Summonings
  2738 | D:8      | Noticed Grum
  2744 | D:8      | Killed Grum
  2813 | D:8      | Found a transporter.
  2819 | D:8      | Found a bloodstained altar of Trog.
  2840 | D:8      | Found a transporter.
  2845 | D:8      | Noticed a moth of wrath
  2845 | D:8      | Noticed SirDiesAlot's ghost (novice DsVM)
  2926 | D:8      | Reached XP level 11. HP: 92/92 MP: 23/23
  2968 | D:8      | Found Paoturus's Distillery.
  2976 | D:8      | Bought a potion of heal wounds for 70 gold pieces
  2995 | D:8      | Reached ** piety under Makhleb
  3086 | D:8      | Found a viscous altar of Jiyva.
  3093 | D:8      | Reached skill level 5 in Polearms
  3202 | D:9      | Noticed Prince Ribbit
  3202 | D:9      | Found Nikhlo's Armour Emporium.
  3235 | D:9      | Noticed a two-headed ogre
  3252 | D:9      | Killed a two-headed ogre
  3261 | D:9      | Reached skill level 13 in Summonings
  3389 | D:9      | Found Dotof's Antique Weapon Emporium.
  3407 | D:9      | Killed Prince Ribbit
  3477 | D:9      | Noticed a five-headed hydra
  3495 | D:9      | Killed a five-headed hydra
  3519 | D:9      | Found Koof's Antique Armour Shop.
  3559 | D:9      | Bought the +0 cloak of Going Fast {Will+ rCorr Int+4} for
                  | 342 gold pieces
  3664 | D:9      | Found Kestri's Magic Scroll Shop.
  3774 | D:9      | Found Joyzysm's Distillery.
  4026 | D:10     | Entered Level 10 of the Dungeon
  4036 | D:10     | Reached *** piety under Makhleb
  4046 | D:10     | Noticed a two-headed ogre
  4066 | D:9      | Killed a two-headed ogre
  4067 | D:9      | Reached XP level 12. HP: 57/103 MP: 24/24
  4125 | D:10     | Found Cecsoir's Tremendous Tomes.
  4180 | D:10     | Noticed Urug
  4194 | D:10     | Killed Urug
  4242 | D:10     | Noticed Erolcha
  4242 | D:10     | Noticed a catoblepas
  4263 | D:10     | Killed a catoblepas
  4264 | D:10     | Reached skill level 5 in Dodging
  4264 | D:10     | Reached skill level 14 in Summonings
  4284 | D:10     | Killed Erolcha
  4405 | D:10     | Noticed a seven-headed hydra
  4439 | D:10     | Noticed a tengu warrior
  4478 | D:10     | Killed a seven-headed hydra
  4576 | D:10     | Killed a tengu warrior
  4740 | D:10     | Noticed Amaemon
  4759 | D:10     | Killed Amaemon
  4808 | D:10     | Noticed Josephine
  4817 | D:10     | Killed Josephine
  4818 | D:10     | Reached XP level 13. HP: 111/111 MP: 25/25
  5035 | D:11     | Noticed a six-headed hydra
  5201 | D:11     | Found a frozen archway.
  5213 | IceCv    | Entered an ice cave
  5228 | IceCv    | Reached skill level 15 in Summonings
  5290 | IceCv    | Reached skill level 10 in Polearms
  5307 | IceCv    | Reached skill level 10 in Invocations
  5341 | IceCv    | Reached **** piety under Makhleb
  5485 | IceCv    | Noticed a reaper
  5512 | IceCv    | Killed a reaper
  5586 | IceCv    | Identified the +5 long sword of Ysuis {flame, rC++}
  5930 | D:11     | Noticed an ogre mage
  5990 | D:11     | Killed an ogre mage
  5991 | D:11     | Reached skill level 10 in Fighting
  6044 | D:11     | Noticed a boulder beetle
  6155 | D:11     | Killed a boulder beetle
  6216 | D:11     | Killed a six-headed hydra
  6236 | D:11     | Reached ***** piety under Makhleb
  6254 | D:11     | Noticed a four-headed hydra
  6317 | D:11     | Reached skill level 16 in Summonings
  6465 | D:11     | Killed a four-headed hydra
  6618 | D:12     | Reached XP level 14. HP: 122/122 MP: 26/26
  7317 | D:9      | Found a staircase to the Orcish Mines.
  7353 | Orc:1    | Entered Level 1 of the Orcish Mines
  7353 | Orc:1    | Noticed Erica
  7366 | Orc:1    | HP: 2/122 [something/bolt of poison (20)]
  7368 | Orc:1    | Slain by Erica

Illustrated notes

Levels and vault maps discovered:
D:1:      lemuel_arrival_room, layout_rooms
D:2:      layout_basic, nicolae_ecumenical_pavilion,
          nicolae_figureground_sparkle, uniq_sigmund
D:3:      layout_rooms, grunt_ministairs_14, minmay_snake_closets, uniq_grinder,
          uniq_ijyb
D:4:      cheibrodos_greedy_goblins, layout_cave_pools,
          mainiacjoe_overflow_two_lobes, chequers_serial_rivers_room_b,
          minmay_misc_feat_plants, minmay_pentangle
D:5:      layout_basic, minmay_temple_entry_mist, nicolae_shop_self_help
D:6:      gammafunk_wand_slinger, layout_basic, hellmonk_ghost_happy_afterlife
D:7:      cheibrodos_quashed, layout_rooms, minmay_guarded_unrand_finisher,
          uniq_pikel
D:8:      layout_loops_ring, erik_lair_dragon,
          gammafunk_ghost_wrathful_warriors, serial_shops,
          nicolae_shop_hallway_stairs, jiyva_altar_1, uniq_grum
D:9:      layout_rooms, erik_orc_1, serial_shops, nicolae_shop_advertising_works
          [nicolae_subvault_shop_adworks], shop,
          nicolae_shop_temple_entry_statues_fountains, nicolae_shop_trees,
          nicolae_inconvenience_store, kennysheep_kite_vault,
          uniq_prince_ribbit1
D:10:     layout_loops_cross, minmay_misc_feat_encased,
          nicolae_shop_i_like_big_books, minmay_diamond_spiral, uniq_erolcha,
          uniq_urug, uniq_josephine, uniq_amaemon
D:11:     layout_basic, portal_ice_cave_demonic_guard, special_room
          [special_room_kobold], chequers_serial_rivers_room_a,
          minmay_fractal_squares_gapless_7
D:12:     layout_basic, gammafunk_ghost_hive
D:13:     layout_roguey, david_vaults_5
Temple:   mainiacjoe_temple_cubbyholes
Orc:1:    layout_caves, uniq_erica, uniq_snorg, uniq_harold

Skill      XL: |  1  2  3  4  5  6  7  8  9 10 11 12 13 14 |
---------------+-------------------------------------------+-----
Fighting       | 1 3 4 5 6 7 8 9 10 | 10.5
Summonings     | 5 6 7 8 9 10 12 13 14 16 | 16.4
Spellcasting   | 3 4 5 7 |  7.6
Invocations    | 2 5 7 8 9 10 11 | 11.2
Polearms       | 4 7 9 11 12 | 12.1
Dodging        | 4 6 7 8 |  8.2
Stealth        | |  1.4

Action                   |  1- 3 |  4- 6 |  7- 9 | 10-12 | 13-15 || total
-------------------------+-------+-------+-------+-------+-------++-------
Melee: Unarmed           |     2 |       |       |       |       ||     2
       Dagger            |       |    10 |    58 |     2 |       ||    70
       Punch             |       |       |     1 |       |       ||     1
       Scythe            |       |       |       |   103 |   116 ||   219
 Cast: Summon Small Mamm |    17 |     5 |    18 |     6 |    10 ||    56
       Call Imp          |     4 |     2 |    21 |    15 |     8 ||    50
       Call Canine Famil |     1 |     3 |    22 |    50 |    54 ||   130
       Summon Guardian G |       |       |     5 |    24 |    53 ||    82
       Summon Lightning  |       |       |       |    13 |    21 ||    34
Invok: Lesser Servant of |       |       |       |     1 |       ||     1
Evoke: Wand              |       |       |       |     8 |       ||     8
  Use: Scroll            |     2 |     1 |     5 |     1 |     3 ||    12
       Potion            |       |       |     3 |     3 |     5 ||    11
 Stab: Distracted        |       |     1 |       |     2 |     3 ||     6
Armor: Ring mail         |     8 |     4 |    60 |    38 |       ||   110
       Troll leather arm |       |       |       |     1 |    44 ||    45
Dodge: Dodged            |     5 |     9 |    62 |    59 |    68 ||   203

Table legend: (Time is in decaauts)
 A = Elapsed time spent in this place.
 B = Non-inter-level travel time spent in this place.
 C = Inter-level travel time spent in this place.
 D = Time resting spent in this place.
 E = Time spent auto-exploring this place.
 F = Levels seen in this place.
 G = Mean time per level.
                   A        B        C        D        E       F      G
               +--------+--------+--------+--------+--------+-----+--------+
         Total |   7405 |   6771 |    634 |     15 |      0 |  16 |  462.8 |
       Dungeon |   6680 |   6046 |    634 |     15 |      0 |  13 |  513.8 |
        Temple |    243 |    243 |      0 |      0 |      0 |   1 |  243.0 |
  Orcish Mines |     14 |     14 |      0 |      0 |      0 |   1 |   14.0 |
      Ice Cave |    466 |    466 |      0 |      0 |      0 |   1 |  466.0 |
               +--------+--------+--------+--------+--------+-----+--------+

Top non-repeatable levels by time:
    D:11: 1422 daAuts
     D:9: 1037 daAuts
    D:10: 909 daAuts
     D:8: 589 daAuts
     D:7: 503 daAuts
   IceCv: 466 daAuts
     D:6: 385 daAuts
     D:3: 376 daAuts
     D:4: 372 daAuts
     D:5: 316 daAuts
     D:1: 279 daAuts
     D:2: 259 daAuts
  Temple: 243 daAuts
    D:12: 227 daAuts
   Orc:1: 14 daAuts
